 Dungeon Crawl Stone Soup version 0.31-a0-1447-g87ca8d402b (webtiles) character file.

Game seed: 13899392370959334479

34 Curundu the Chopper (level 3, -9/34 HPs)
             Began as a Hill Orc Berserker on Dec 27, 2023.
             Was a Follower of Trog.
             Mangled by an ogre
             ... wielding a +0 giant club
              (25 damage)
             ... on level 4 of the Dungeon.
             The game lasted 00:03:20 (933 turns).

Curundu the Chopper (Hill Orc Berserker)             Turns: 933, Time: 00:03:20

Health: -9/34      AC:  8    Str: 21    XL:     3   Next: 31%
Magic:  3/3        EV:  8    Int:  7    God:    Trog [*.....]
Gold:   75         SH:  0    Dex: 10    Spells: 2/2 levels left

rFire   . . .        c - +1 whip (venom)
rCold   . . .        (no shield)
rNeg    . . .        k - +0 chain mail
rPois   .            (no helmet)
rElec   .            (no cloak)
rCorr   .            (no gloves)
SInv    .            (no boots)
Will    .....        (no amulet) Stlth
                     (no ring)
HPRegen 0.25/turn    (no ring)
MPRegen 0.08/turn

%: no passive effects
@: no status effects
A: no striking features
a: Renounce Religion, Berserk


You were on level 4 of the Dungeon.
You worshipped Trog.
Trog was aware of your devotion.
You visited 1 branch of the dungeon, and saw 3 of its levels.

You collected 75 gold pieces.

Inventory:

Hand Weapons
 a - a +0 hand axe
 c - a +1 whip of venom (weapon)
Armour
 k - a +0 chain mail (worn)
Scrolls
 d - a scroll of identify {unknown}
 e - a scroll of noise {unknown}
 j - 2 scrolls of immolation {unknown}
Potions
 f - a potion of invisibility {unknown}
 g - 2 potions of haste {unknown}
 h - 2 potions of mutation {unknown}
 i - a potion of heal wounds {unknown}


   Skills:
 + Level 4.4 Fighting
 + Level 4.5(4.6) Axes
 + Level 0.8(2.5) Maces & Flails
 + Level 2.3 Armour
 + Level 1.7 Dodging


You had 2 spell levels left.
You didn't know any spells.
Your spell library was empty.

Dungeon Overview and Level Annotations

Branches:
Dungeon (2/15)

Altars:


Message History

You open the door.
There is an open door here.
There is a stone staircase leading down here.
You climb downwards.
Found a mace.
There is a stone staircase leading up here.
Found a mace.
You see here a +0 mace.
A goblin comes into view. It is wielding a +0 dagger.
The goblin shouts!
The goblin moves out of view.
You closely miss the goblin. The goblin closely misses you.
You hit the goblin.
The goblin is poisoned.
The goblin is moderately wounded.
You kill the goblin!
Trog accepts your kill.
You see here a +0 dagger.
You now have 68 gold pieces (gained 15).
You now have 75 gold pieces (gained 7).
j - 2 scrolls labelled GUGU NUOCLEYRGH (gained 1)
A malevolent force fills the Dungeon...
You fall into a shaft and drop 2 floors!
The shaft crumbles and collapses.
An ogre comes into view. It is wielding a +0 giant club.
You whack the ogre!
The ogre is moderately wounded.
You hit the ogre. You punch the ogre.
The ogre is heavily wounded.
The ogre barely misses you.
You hit the ogre.
The ogre is poisoned.
The ogre is severely wounded.
The ogre hits you with a +0 giant club!!
Ouch! That really hurt!
You hit the ogre but do no damage.
The ogre looks as sick as possible!
The ogre is severely wounded.
You closely miss the ogre.
The ogre is severely wounded.
The ogre hits you with a +0 giant club!!
Ouch! That really hurt!
You die...

####### #.##.##.#
#...... #.#.....#
#......##.#..####
.....#.....#
...#.....#
#####.#.#####
...#.......#
###.###.###.#
#...@O..#
#...##..#
######..#
.#.......###...
#............O..
#.#.####........
# .........
##.#......
.........


You could see an ogre (extremely poisoned).

Vanquished Creatures
  A gnoll (D:1)
  A dart slug (D:1)
  A ball python (D:1)
  A bat (D:1)
  2 endoplasms (D:1)
  6 goblins
  2 hobgoblins (D:1)
  2 kobolds (D:1)
  A quokka (D:1)
  A frilled lizard (D:1)
  2 rats (D:1)
20 creatures vanquished.

Notes
Turn   | Place    | Note
-------+----------+-------------------------------------------
     0 | D:1      | Curundu the Hill Orc Berserker began the quest for the Orb.
     0 | D:1      | Reached XP level 1. HP: 19/19 MP: 1/1
    88 | D:1      | Reached XP level 2. HP: 27/27 MP: 2/2
   390 | D:1      | Reached XP level 3. HP: 33/33 MP: 3/3
   902 | D:2      | You fall into a shaft and drop 2 floors!
   920 | D:4      | Noticed an ogre
   933 | D:4      | Mangled by an ogre

Illustrated notes

Levels and vault maps discovered:
D:1:      wander_arrival_abandoned_jail, layout_basic, chequers_arboretum,
          serial_bayou_pond_c, chequers_serial_rivers_micro_e, interstate_on_off
D:2:      layout_loops_ring, hellmonk_ecumenical_altar_pennies_from_heaven
D:4:      layout_basic, serial_shops, shop, uniq_duvessa

Skill      XL: |  1  2 |
---------------+-------+-----
Fighting       | 4 |  4.4
Axes           | |  4.5
Maces & Flails | |  0.8
Armour         | |  2.3
Dodging        | |  1.7

Action                     || total
---------------------------++-------
  Melee: Hand axe          ||    11
         Whip              ||    50
         Punch             ||     1
 Armour: Animal skin       ||    22
         Chain mail        ||     2
  Dodge: Dodged            ||    27

Table legend: (Time is in decaauts)
 A = Elapsed time spent in this place.
 B = Non-inter-level travel time spent in this place.
 C = Inter-level travel time spent in this place.
 D = Time resting spent in this place.
 E = Time spent auto-exploring this place.
 F = Levels seen in this place.
 G = Mean time per level.
                   A        B        C        D        E       F      G
               +--------+--------+--------+--------+--------+-----+--------+
         Total |    934 |    934 |      0 |      0 |    666 |   3 |  311.3 |
       Dungeon |    934 |    934 |      0 |      0 |    666 |   3 |  311.3 |
               +--------+--------+--------+--------+--------+-----+--------+

Top non-repeatable levels by time:
     D:1: 851 daAuts
     D:2: 52 daAuts
     D:4: 30 daAuts
